 Dungeon Crawl Stone Soup version 0.28.0-43-g3370ac3207 (webtiles) character file.

Game seed: 234596428523858429

79436 experimilk the Marksminotaur (level 15, -20/141 HPs)
             Began as a Minotaur Hunter on Mar 13, 2022.
             Was a Follower of Uskayaw.
             Demolished by Agnes
             ... wielding a +3 lajatang of electrocution
              (23 damage)
             ... on level 13 of the Dungeon.
             The game lasted 01:11:36 (33809 turns).

experimilk the Marksminotaur (Minotaur Hunter)     Turns: 33809, Time: 01:11:37

Health: -20/141    AC: 34    Str: 23    XL:     15   Next: 21%
Magic:  30/30      EV:  6    Int:  7    God:    Uskayaw [*.....]
Gold:   1978       SH:  0    Dex: 10    Spells: 14/14 levels left

rFire   + . .      SeeInvis .   T - +4 longbow (freeze)
rCold   + + +      Faith    .   (shield currently unavailable)
rNeg    + . .      Spirit   .   L - +3 crystal plate armour {rC+}
rPois   +          Reflect  .   (helmet restricted)
rElec   .          Harm     .   l - +2 ratskin cloak {*Rats rPois rN+ Str-1 Int-1 Dex+1}
rCorr   .          Rampage  .   f - +1 pair of gloves
Will    +++..                   F - +1 pair of boots
Stlth   ..........              q - amulet "Gaestriun" {Regen+ MP+9}
HPRegen 1.13/turn               Z - ring of willpower
MPRegen 0.22/turn               Y - ring of the Haunted Cherry {Wiz rF+ rC++ Will+ Dex-2}

@: about to teleport, studying 2 skills
A: horns 2, retaliatory headbutt
a: Renounce Religion, Stomp


You were on level 13 of the Dungeon.
You worshipped Uskayaw.
Uskayaw was aware of your devotion.
You visited 4 branches of the dungeon, and saw 23 of its levels.
You also visited: Ossuary, Gauntlet and Ice Cave.

You collected 2997 gold pieces.
You spent 1019 gold pieces at shops.

Inventory:

Hand Weapons
 a - a +2 vorpal longbow
 e - the +2 war axe "Dannysez" {vorpal, rF+ Str+3}
   (You found it on level 11 of the Dungeon)

   It inflicts extra damage upon your enemies.
   Str:       It affects your strength (+3).
   rF:        It protects you from fire.
 G - the +8 war axe "Imohorgh" {pain, rElec rCorr}
   (You found it on level 1 of the Lair of Beasts)

   In the hands of one skilled in necromantic magic, it inflicts extra damage on
   living creatures.
   rElec:     It insulates you from electricity.
   rCorr:     It protects you from acid and corrosion.
 T - a +4 longbow of freezing (weapon)
Missiles
 d - 244 arrows (quivered ammo)
Armour
 f - a +1 pair of gloves (worn)
 j - +0 acid dragon scales
 l - the +2 ratskin cloak (worn) {*Rats rPois rN+ Str-1 Int-1 Dex+1}
   (You found it on level 12 of the Dungeon)

   When the wearer is hurt, rats may emerge from it to assist them.
   Str:       It affects your strength (-1).
   Int:       It affects your intelligence (-1).
   Dex:       It affects your dexterity (+1).
   rPois:     It protects you from poison.
   rN:        It protects you from negative energy.
 D - a +2 chain mail of fire resistance
 F - a +1 pair of boots (worn)
 L - a +3 crystal plate armour of cold resistance (worn)
Jewellery
 h - a ring of flight
 k - a ring of willpower
 m - a +4 ring of evasion
 n - a +6 ring of intelligence
 q - the amulet "Gaestriun" (around neck) {Regen+ MP+9}
   (You found it in a Gauntlet)

   [amulet of regeneration]

   MP:        It affects your magic capacity (+9).
   Regen:     It increases your rate of health regeneration.
 r - a ring of see invisible
 t - a ring of protection from cold
 w - a ring of positive energy
 y - a +6 ring of dexterity
 S - a ring of willpower
 Y - the ring of the Haunted Cherry (right hand) {Wiz rF+ rC++ Will+ Dex-2}
   (You found it in an ice cave)

   [ring of wizardry]

   It improves your spell success rate.
   Dex:       It affects your dexterity (-2).
   rF:        It protects you from fire.
   rC:        It greatly protects you from cold.
   Will:      It increases your willpower.
 Z - a ring of willpower (left hand)
Wands
 c - a wand of flame (16)
 x - a wand of digging (15)
 E - a wand of paralysis (6)
 I - a wand of charming (4)
 U - a wand of polymorph (4)
Scrolls
 b - a scroll of fear
 i - 7 scrolls of identify
 v - 10 scrolls of teleportation
 H - a scroll of holy word
 J - 2 scrolls of fog
 M - a scroll of enchant armour
 N - 2 scrolls of silence
Potions
 g - 6 potions of cancellation
 o - 2 potions of invisibility
 p - 7 potions of haste
 s - 3 potions of brilliance
 u - 6 potions of flight
 z - 4 potions of magic
 A - 7 potions of berserk rage
 B - 2 potions of might
 C - 5 potions of curing
 K - a potion of heal wounds
 O - 7 potions of ambrosia
 Q - 2 potions of lignification
 X - 3 potions of mutation
Miscellaneous
 V - a condenser vane
 W - a phial of floods


   Skills:
 + Level 15.5 Fighting
 - Level 4.0 Short Blades
 - Level 20.0 Bows
 + Level 13.4 Armour
 + Level 5.6 Dodging
 - Level 0.7 Stealth
 * Level 9.5 Invocations
 - Level 4.0 Evocations


You had 14 spell levels left.
You didn't know any spells.
Your spell library contained the following spells:

 Spells                   Type           Power      Damage    Failure   Level
 Magic Dart               Conj           0%         1d3       99%         1
 Sandblast                Erth           0%         2d4       99%         1
 Call Imp                 Summ           0%         N/A       100%        2
 Corpse Rot               Necr/Air       0%         N/A       100%        2
 Passwall                 Tmut/Erth      0%         N/A       100%        2
 Poisonous Vapours        Pois/Air       0%         N/A       100%        2
 Searing Ray              Conj           0%         2d4       100%        2
 Static Discharge         Conj/Air       0%         N/A       100%        2
 Dazzling Flash           Conj/Hex       0%         N/A       100%        3
 Mephitic Cloud           Conj/Pois/Air  0%         N/A       100%        3
 Stone Arrow              Conj/Erth      0%         3d7       100%        3
 Fulminant Prism          Conj/Hex       0%         3d6       100%        4
 Hailstorm                Conj/Ice       0%         3d3       100%        4
 Ice Form                 Ice/Tmut       0%         N/A       100%        4
 Passage of Golubria      Tloc           0%         N/A       100%        4
 Agony                    Necr           0%         N/A       100%        5
 Blade Hands              Tmut           0%         N/A       100%        5
 Irradiate                Conj/Tmut      0%         3d13      100%        5
 Lightning Bolt           Conj/Air       0%         1d11      100%        5
 Silence                  Hex/Air        0%         N/A       100%        5
 Simulacrum               Ice/Necr       0%         N/A       100%        6
 Dragon Form              Tmut           0%         N/A       100%        7
 Lehudib's Crystal Spear  Conj/Erth      0%         10d2      100%        8
 Maxwell's Capacitive Co  Air            0%         ∞         100%        8


Dungeon Overview and Level Annotations

Branches:
Dungeon (14/15)            Temple (1/1) D:7            Lair (6/6) D:8
  Swamp (0/4) Lair:2       Spider (0/4) Lair:2        Slime (0/5) Lair:5
    Orc (2/2) D:10            Elf (0/3) Orc:2       Ossuary (visited)
  IceCv (visited)         Gauntlet (visited)
 Vaults: D:13-14

Altars:
Ashenzari
Cheibriados
Dithmenos
Elyvilon
Fedhas
Gozag
Hepliaklqana
Kikubaaqudgha
Makhleb
Nemelex Xobeh
Okawaru
Qazlal
Ru
Sif Muna
Trog
Uskayaw
Vehumet
Wu Jian
Xom
Yredelemnul
Zin
The Shining One
Beogh

Shops:
D:6 *   Orc:2 [(*?

Portals:
Trove: D:13 (give +3 storm dragon scales)

Annotations:
D:13 Agnes
D:14 Louise, Nessos, Roxanne, Snorg


Innate Abilities, Weirdness & Mutations

You have a pair of horns on your head.
You reflexively headbutt those who attack you in melee.


Message History

Read: 2 scrolls of fear
Press: ? - help, Q - select action, (/) - cycle Dir - look around, f - activate Look: a centaur warrior, quivering arrows (lightly wounded, chance to affect: 90%)
As you read the scroll of fear, it crumbles to dust.
You assume a fearsome visage.
The centaur warrior looks frightened!
The vampire mosquito is unaffected.
The eight-headed hydra easily resists.
The vampire mosquito is unaffected.
Agnes resists with almost no effort.
The vampire mosquito bites you but does no damage.
The vampire mosquito bites you. Agnes hits you but does no damage.
You are electrocuted!
A river rat scurries out from under your cloak.
The eight-headed hydra bites you but does no damage.
The eight-headed hydra barely misses you.
The eight-headed hydra bites you but does no damage. x4
The eight-headed hydra bites you.
The eight-headed hydra bites you but does no damage.
The vampire mosquito bites you but does no damage. x2
Agnes hits you with a +3 lajatang of electrocution!!
* * * LOW HITPOINT WARNING * * *
You are electrocuted!!
* * * LOW HITPOINT WARNING * * *
As you read the scroll of teleportation, it crumbles to dust.
You feel strangely unstable.
The vampire mosquito bites you but does no damage. x2
The eight-headed hydra bites you but does no damage.
The eight-headed hydra barely misses you.
The eight-headed hydra bites you but does no damage.
The eight-headed hydra bites you.
* * * LOW HITPOINT WARNING * * *
The eight-headed hydra bites you!
* * * LOW HITPOINT WARNING * * *
A hell rat scurries out from under your cloak.
The eight-headed hydra bites you.
* * * LOW HITPOINT WARNING * * *
The eight-headed hydra bites you!
* * * LOW HITPOINT WARNING * * *
The eight-headed hydra bites you but does no damage.
Agnes hits you with a +3 lajatang of electrocution!!
You die...

#..###..#........................
..........#......##.####.####.###
..........#.....(#...###.# #....
........#..........∩.....# ####.
.................#...#..#########
.................##.##......##...
................r...##.####....##
)..............yDi.##..# ######
.............c..@r....##
#######........y.######
##...##...## ##########


You could see Agnes, an eight-headed hydra, a centaur warrior (fleeing), 2
vampire mosquitoes, a friendly hell rat and a friendly river rat.

Vanquished Creatures
  Jorgrun (D:13)
  Kirke (D:12)
  2 orc warlords
  Azrael (D:12)
  A minotaur (Gauntlet)
  A fire dragon (D:8)
  Harold (D:9)
  Erolcha (D:11)
  A hell beast (Gauntlet)
  2 boulder beetles
  Fannar (D:11)
  6 hydras
  An ogre mage (Orc:2)
  4 centaur warriors
  2 two-headed ogres
  A catoblepas (Lair:3)
  A tengu warrior (D:9)
  Urug (D:12)
  6 death yaks
  Nergalle (Orc:1)
  A goliath frog (Lair:6)
  4 orc knights (Orc:2)
  An orc sorcerer (Orc:2)
  2 manticores (D:10)
  3 cyclopes
  4 ugly things
  6 elephants
  3 black mambas
  2 gargoyles (D:12)
  A torpor snail (Lair:6)
  3 ice statues (IceCv)
  15 cane toads
  2 rime drakes
  An efreet (D:10)
  An unseen horror (D:12)
  2 anaconda simulacra (IceCv)
  7 komodo dragons
  2 yaktaurs
  2 tyrant leeches (Lair:6)
  A queen bee (D:13)
  8 trolls
  3 polar bears
  3 meliai (D:13)
  26 blink frogs
  A hornet (shapeshifter) (D:13)
  Prince Ribbit (D:9)
  A hornet (D:9)
  6 dream sheep (Lair:6)
  8 slime creatures (D:13)
  5 flying skulls (Gauntlet)
  A centaur simulacrum (Gauntlet)
  2 water elementals (D:12)
  29 yaks
  2 wraiths
  3 basilisks
  4 wyverns
  3 hogs (D:12)
  3 fire elementals (D:12)
  A steam dragon (Lair:5)
  8 wargs
  13 vampire mosquitoes
  A death yak simulacrum (IceCv)
  An acid dragon (D:11)
  3 hell hounds
  15 water moccasins
  45 orc warriors
  A meliai simulacrum (Gauntlet)
  An ice beast (D:8)
  A necrophage (D:5)
  10 ogres
  6 wolves
  7 centaurs
  3 phantoms
  2 kobold brigands
  20 bullfrogs
  6 scorpions
  A wyvern zombie (D:5)
  A cane toad simulacrum (IceCv)
  27 killer bees
  15 wights
  4 howler monkeys
  6 electric eels
  11 centaur zombies
  3 jellies
  3 lava snakes (Lair:5)
  2 bullfrog zombies (D:5)
  11 orc priests
  A wyvern simulacrum (Gauntlet)
  3 gnoll shamans
  A hound (D:6)
  2 bullfrog skeletons
  4 iguanas
  13 orc wizards
  Natasha (thrice) (D:4)
  2 polar bear simulacra (IceCv)
  2 killer bee zombies
  3 mummies (Ossuary)
  Robin (D:4)
  21 gnolls
  7 adders
  2 shadow imps
  3 ufetubi
  6 worms
  4 dart slugs
  75 orcs
  7 ball pythons
  4 bats
  7 endoplasms
  7 giant cockroaches
  15 goblins
  15 hobgoblins
  4 jackals (D:1)
  4 quokkas
  4 frilled lizards
  A gnoll zombie (Ossuary)
  A hobgoblin zombie (Ossuary)
  12 kobolds
  A kobold zombie (Ossuary)
  4 rats
675 creatures vanquished.

Vanquished Creatures (collateral kills)
  A killer bee (D:13)
1 creature vanquished.

Vanquished Creatures (others)
  A shadow (D:12)
  2 humans
  An orc (D:12)
  24 fungi
  160 plants
188 creatures vanquished.

Grand Total: 864 creatures vanquished

Notes
Turn   | Place    | Note
-------+----------+-------------------------------------------
     0 | D:1      | experimilk the Minotaur Hunter began the quest for the Orb.
     0 | D:1      | Reached XP level 1. HP: 18/18 MP: 0/0
    18 | D:1      | Found a faded altar of an unknown god.
   284 | D:1      | Reached XP level 2. HP: 25/25 MP: 1/1
   352 | D:1      | Reached skill level 5 in Bows
   936 | D:1      | Reached XP level 3. HP: 22/30 MP: 2/2
  1791 | D:2      | Reached skill level 6 in Bows
  2194 | D:3      | Reached XP level 4. HP: 37/37 MP: 3/3
  2571 | D:3      | Identified the +1 robe "Nitzy" {rElec rC+}
  2811 | D:3      | Noticed a scorpion
  2819 | D:3      | Killed a scorpion
  2820 | D:3      | Reached skill level 7 in Bows
  2820 | D:3      | Reached XP level 5. HP: 32/42 MP: 4/4
  3333 | D:3      | Reached skill level 1 in Armour
  3785 | D:3      | Found a hazy altar of Hepliaklqana.
  3881 | D:4      | Noticed Robin
  3910 | D:4      | Killed Robin
  3914 | D:4      | Noticed Natasha
  4425 | D:4      | Identified the +7 short sword of Quptot {freeze, Drain
                  | rPois rN++ Dex+2}
  4472 | D:4      | Reached XP level 6. HP: 50/51 MP: 5/5
  4553 | D:4      | Killed Natasha
  4575 | D:4      | Noticed Natasha
  4578 | D:4      | Killed Natasha
  4581 | D:4      | Noticed Natasha
  4588 | D:4      | Killed Natasha
  5050 | D:4      | Identified the +8 spear of Makhleb's Reproof {vorpal, *Slow
                  | rPois rF+ rN+}
  5221 | D:4      | Found an iron altar of Okawaru.
  5502 | D:5      | Entered Level 5 of the Dungeon
  5524 | D:5      | Reached skill level 8 in Bows
  5524 | D:5      | Reached XP level 7. HP: 58/58 MP: 6/6
  5531 | D:5      | Found a sand-covered staircase.
  5537 | Ossuary  | Entered an ossuary
  6478 | D:5      | Reached skill level 9 in Bows
  6493 | D:5      | Reached XP level 8. HP: 38/66 MP: 7/7
  7020 | D:5      | Reached skill level 10 in Bows
  8097 | D:6      | Reached skill level 1 in Short Blades
  8110 | D:6      | Found Cifegaim's Assorted Antiques.
  8128 | D:6      | Bought a scroll of identify for 44 gold pieces
  8130 | D:6      | Identified a scroll of acquirement
  8130 | D:6      | Acquired a +2 vorpal longbow
  8616 | D:6      | Reached skill level 5 in Fighting
  8616 | D:6      | Reached skill level 5 in Armour
  8719 | D:6      | You fall into a shaft and drop 3 floors!
  8740 | D:9      | Found an ancient bone altar of Kikubaaqudgha.
  8746 | D:9      | Noticed Prince Ribbit
  8755 | D:9      | Killed Prince Ribbit
  8756 | D:9      | Reached skill level 11 in Bows
  8756 | D:9      | Reached XP level 9. HP: 59/74 MP: 8/8
  8981 | D:8      | Noticed a fire dragon
  8987 | D:8      | HP: 2/74 [fire dragon (6)]
  9727 | D:9      | Found a sacrificial altar of Ru.
  9945 | D:9      | Noticed Harold
  9969 | D:9      | Killed Harold
 10005 | D:9      | Noticed a cyclops
 10017 | D:9      | Killed a cyclops
 10018 | D:9      | Reached skill level 12 in Bows
 10150 | D:9      | Noticed a troll
 10155 | D:9      | Killed a troll
 10175 | D:9      | HP: 5/118 [poisoned by a killer bee]
 10701 | D:9      | Reached XP level 10. HP: 68/86 MP: 9/9
 11181 | D:10     | Entered Level 10 of the Dungeon
 12888 | D:7      | Reached skill level 13 in Bows
 13272 | D:7      | Found a staircase to the Ecumenical Temple.
 13522 | Temple   | Entered the Ecumenical Temple
 13608 | Temple   | Became a worshipper of Uskayaw the Reveller
 13670 | D:8      | Reached * piety under Uskayaw
 13679 | D:8      | Reached ** piety under Uskayaw
 13683 | D:8      | Reached *** piety under Uskayaw
 13685 | D:8      | Reached **** piety under Uskayaw
 13687 | D:8      | Reached ***** piety under Uskayaw
 13700 | D:8      | Killed a fire dragon
 13701 | D:8      | Reached skill level 14 in Bows
 13834 | D:8      | Found a staircase to the Lair.
 14311 | D:8      | Reached skill level 1 in Invocations
 15157 | D:10     | Reached XP level 11. HP: 45/95 MP: 11/11
 15605 | D:10     | Noticed a centaur warrior
 15614 | D:10     | Killed a centaur warrior
 15898 | D:10     | Found a staircase to the Orcish Mines.
 15988 | D:10     | Noticed a brown ugly thing
 15988 | D:10     | Noticed a centaur warrior
 15992 | D:10     | Killed a centaur warrior
 15997 | D:10     | Killed a brown ugly thing
 16218 | D:10     | Reached skill level 15 in Bows
 16220 | D:10     | Noticed a tengu warrior
 16220 | D:10     | Noticed a brown ugly thing
 16580 | Lair:1   | Entered Level 1 of the Lair of Beasts
 17574 | Lair:1   | Identified the +8 war axe "Imohorgh" {pain, rElec rCorr}
 18149 | Lair:2   | Found a staircase to the Swamp.
 18270 | Lair:2   | Noticed a four-headed hydra
 18279 | Lair:2   | Killed a four-headed hydra
 18408 | Lair:2   | Found a hole to the Spider Nest.
 18708 | Lair:2   | Reached skill level 10 in Fighting
 18708 | Lair:2   | Reached skill level 10 in Armour
 19066 | Lair:3   | Noticed a death yak
 19066 | Lair:3   | Noticed a death yak
 19066 | Lair:3   | Noticed a death yak
 19076 | Lair:2   | Killed a death yak
 19431 | Lair:2   | Killed a death yak
 19500 | Lair:3   | Reached XP level 12. HP: 106/106 MP: 14/14
 19563 | Lair:3   | Reached skill level 16 in Bows
 19622 | Lair:3   | Noticed a catoblepas
 19632 | Lair:3   | Killed a catoblepas
 19983 | Lair:3   | Killed a death yak
 20824 | Lair:4   | Reached ****** piety under Uskayaw
 21005 | Lair:4   | Noticed a four-headed hydra
 21012 | Lair:4   | Killed a four-headed hydra
 21114 | Lair:4   | Reached skill level 17 in Bows
 21783 | Lair:5   | Found a staircase to the Slime Pits.
 22242 | Lair:5   | Reached skill level 1 in Evocations
 22948 | Lair:5   | Noticed a six-headed hydra
 22957 | Lair:5   | Killed a six-headed hydra
 23043 | Lair:5   | Reached XP level 13. HP: 118/118 MP: 15/15
 23377 | Lair:6   | Entered Level 6 of the Lair of Beasts
 23626 | Lair:6   | Reached skill level 5 in Invocations
 24808 | Lair:6   | Reached skill level 18 in Bows
 25591 | Lair:6   | Identified the +6 spear "Ruga" {freeze, rN+++ Str-5 Int+4
                  | Dex-2}
 27515 | Orc:1    | Entered Level 1 of the Orcish Mines
 27538 | Orc:1    | Reached XP level 14. HP: 129/129 MP: 18/18
 27600 | Orc:1    | Noticed Nergalle
 27612 | Orc:1    | Killed Nergalle
 27628 | Orc:1    | Found a frozen archway.
 27637 | IceCv    | Entered an ice cave
 28058 | IceCv    | Identified the ring of the Haunted Cherry {Wiz rF+ rC++
                  | Will+ Dex-2}
 28154 | Orc:1    | Reached skill level 19 in Bows
 28155 | Orc:1    | Noticed an orc warlord
 28169 | Orc:1    | Killed an orc warlord
 28705 | Orc:2    | Entered Level 2 of the Orcish Mines
 29246 | Orc:2    | Found a staircase to the Elven Halls.
 29303 | Orc:2    | Noticed an orc warlord
 29312 | Orc:2    | Killed an orc warlord
 29703 | Orc:2    | Found Roholoeji's Antique Armour Emporium.
 29703 | Orc:2    | Found Kauc's Antique Weapon Shop.
 29807 | Orc:2    | Found Plog's General Store.
 29807 | Orc:2    | Found Higaoges's Magic Scroll Shop.
 29817 | Orc:2    | Bought a scroll of acquirement for 780 gold pieces
 29817 | Orc:2    | Bought a scroll of teleportation for 45 gold pieces
 29817 | Orc:2    | Bought 2 scrolls of fear for 105 gold pieces
 29817 | Orc:2    | Bought a scroll of teleportation for 45 gold pieces
 29876 | Orc:2    | Acquired a manual of Armour
 30256 | D:11     | Noticed Erolcha
 30261 | D:11     | Killed Erolcha
 30318 | D:11     | Identified the +2 war axe "Dannysez" {vorpal, rF+ Str+3}
 30432 | D:11     | Noticed Fannar
 30438 | D:11     | Killed Fannar
 30576 | D:11     | Found a gate leading to a gauntlet.
 30588 | Gauntlet | Entered a Gauntlet
 30588 | Gauntlet | Found a transporter.
 30588 | Gauntlet | Found a transporter.
 30588 | Gauntlet | Found a transporter.
 30609 | Gauntlet | Found a transporter.
 30619 | Gauntlet | Found a transporter.
 30623 | Gauntlet | Found a transporter.
 30633 | Gauntlet | Found a transporter.
 30655 | Gauntlet | Found a transporter.
 30674 | Gauntlet | Found a transporter.
 30677 | Gauntlet | Found a transporter.
 30687 | Gauntlet | Found a transporter.
 30691 | Gauntlet | Found a transporter.
 31001 | Gauntlet | Reached skill level 20 in Bows
 31017 | Gauntlet | Identified the +2 pair of gloves of Pride {-Tele Str+10
                  | Int-4 Stlth+}
 31023 | Gauntlet | Identified the amulet "Gaestriun" {Regen+ MP+9}
 31160 | D:11     | Reached skill level 15 in Fighting
 31644 | D:12     | Found the +2 ratskin cloak {*Rats rPois rN+ Str-1 Int-1
                  | Dex+1}
 31673 | D:12     | Noticed Azrael
 31681 | D:12     | Killed Azrael
 31898 | D:12     | Noticed Urug
 31903 | D:12     | Noticed Kirke
 31909 | D:12     | Killed Urug
 31913 | D:12     | Killed Kirke
 32846 | D:13     | Noticed Jorgrun
 32973 | D:13     | Reached skill level 5 in Dodging
 32973 | D:13     | Reached XP level 15. HP: 141/141 MP: 20/20
 33080 | D:13     | Killed Jorgrun
 33198 | D:13     | Found a portal to a secret trove of treasure.
 33700 | D:14     | Identified Roxanne's Compendium of Stones
 33700 | D:14     | Noticed Roxanne
 33728 | D:14     | Noticed Snorg
 33728 | D:14     | Noticed Agnes
 33754 | D:14     | Noticed Louise
 33806 | D:14     | Noticed Nessos
 33809 | D:13     | HP: 3/141 [eight-headed hydra (8)]
 33809 | D:13     | Demolished by Agnes

Illustrated notes

Levels and vault maps discovered:
D:1:      dpeg_arrival_connections, layout_basic, basic_ecumenical_altar,
          hangedman_decor_push, minmay_misc_feat_cross, nrook_mini_backslash
D:2:      layout_rooms, minmay_misc_feat_pillars
D:3:      layout_basic, nicolae_hepliaklqana_hippocampus,
          guppyfry_early_orc_mine
D:4:      layout_cave_pools, amcnicky_altar_gilded, kennysheep_generic_room_14,
          uniq_natasha, uniq_robin
D:5:      layout_cave_pods, enter_ossuary_5, serial_park, serial_park_square3
          [serial_park_minivault_5x5_1], serial_park_square2,
          serial_park_tiny_2, chequers_jeans, nicolae_fountain_basement
D:6:      layout_loops_ring, serial_shops, nicolae_shop_statue_plus,
          hangedman_abyss_or_decor_stagger
D:7:      layout_basic, minmay_temple_entry_grid
D:8:      layout_basic, minmay_lair_entry_lava
D:9:      layout_basic, tgw_kikubaaqudgha, mainiacjoe_overflow_small_starburst,
          uniq_harold, uniq_prince_ribbit1
D:10:     minmay_the_grid_triangle_9x9_rhombus_thin_mashed
          [minmay_the_grid_triangle_9x9_zippers_vertical,
          minmay_the_grid_triangle_9x9_prize_center,
          minmay_the_grid_triangle_9x9_warning,
          minmay_the_grid_triangle_9x9_sprig], layout_rooms, david_orc_3,
          minmay_misc_feat_diagonals, grunt_decor_arrowhead,
          minmay_variable_closet
D:11:     layout_roguey, gauntlet_entry_generic, uniq_erolcha, uniq_fannar
D:12:     layout_loops_corners, special_room [special_room_orc], serial_bayou,
          serial_bayou_pond_b, serial_bayou_lagoon_a, serial_bayou_pond_c,
          serial_bayou_pond_b, serial_bayou_pond_e, serial_bayou_pond_c,
          minmay_misc_feat_rows, uniq_urug, uniq_azrael, uniq_kirke
D:13:     layout_rooms, special_room [special_room_bee],
          nicolae_trove_entry_crossroad, uniq_jorgrun
D:14:     layout_cross, lightli_vaults_fourway_checkpoint,
          minmay_misc_feat_tiny, uniq_snorg, uniq_nessos, uniq_agnes,
          uniq_louise, uniq_roxanne
Temple:   mainiacjoe_temple_coin_purse
Lair:1:   layout_hall_layers
Lair:2:   layout_loops_ring, swamp_mist, nicolae_spider_entry_non_spiders
Lair:3:   layout_cave_pods, grunt_megastairs_5
Lair:4:   layout_regular_city, chequers_serial_rivers_large_a,
          grunt_megastairs_4
Lair:5:   layout_loops_ring, slime_dummy, nicolae_lair_liquid_snakes
Lair:6:   minmay_lair_end_frog_pond, layout_gridlike, minivault_26,
          serial_bayou_shore_b
Orc:1:    layout_caves, portal_ice_cave_entry_pillars_1, uniq_nergalle
Orc:2:    st_orc_town, layout_caves, mines4_lemuel

Skill      XL: |  1  2  3  4  5  6  7  8  9 10 11 12 13 14 15 |
---------------+----------------------------------------------+-----
Bows           | 5 6 7 8 9 11 12 14 15 17 18 20 | 20.0
Armour         | 1 2 4 5 7 8 10 12 13 | 13.4
Fighting       | 3 4 5 7 8 10 12 13 15 | 15.5
Dodging        | 3 4 5 |  5.6
Short Blades   | 3 4 |  4.0
Invocations    | 2 4 6 8 9 |  9.5
Evocations     | 1 4 |  4.0
Stealth        | |  0.7

Action                   |  1- 3 |  4- 6 |  7- 9 | 10-12 | 13-15 || total
-------------------------+-------+-------+-------+-------+-------++-------
Melee: Dagger            |    89 |    83 |   144 |    10 |       ||   326
       Headbutt          |    15 |    23 |    35 |     2 |       ||    75
       Short sword       |     1 |    27 |       |       |       ||    28
       Punch             |     2 |     1 |     7 |       |       ||    10
       Longbow           |       |       |     2 |       |     2 ||     4
 Fire: Shortbow          |     5 |    58 |    35 |       |       ||    98
       Longbow           |       |       |   114 |   589 |  1025 ||  1728
Invok: Stomp             |       |       |       |     9 |    10 ||    19
       Line Pass         |       |       |       |    15 |     9 ||    24
       Grand Finale      |       |       |       |       |     1 ||     1
Evoke: Wand              |       |       |       |       |     2 ||     2
  Use: Scroll            |     4 |     5 |     9 |    11 |     7 ||    36
       Potion            |       |       |     3 |     1 |     3 ||     7
 Stab: Sleeping          |     1 |       |       |       |       ||     1
Armor: Leather armour    |    29 |       |       |       |       ||    29
       Ring mail         |     1 |    60 |    45 |       |       ||   106
       Chain mail        |       |       |    27 |    86 |       ||   113
       Scale mail        |       |       |     6 |       |       ||     6
       Skin              |       |       |    52 |       |       ||    52
       Plate armour      |       |       |       |    36 |   149 ||   185
       Crystal plate arm |       |       |       |       |   184 ||   184
Dodge: Dodged            |    59 |   110 |   206 |   128 |   198 ||   701
